 Dungeon Crawl Stone Soup version 0.25-a0-670-g50981ef59b (webtiles) character file.

Game seed: 16139442650382923343, levelgen mode: deterministic

168014 Norrive the Bludgeoner (level 18, -14/143 HPs)
             Began as a Human Wanderer on Mar 29, 2020.
             Was a High Priest of Okawaru.
             Killed by the raging water
             ... invoked by a water nymph
              (26 damage)
             ... on level 2 of the Shoals.
             The game lasted 02:13:49 (45368 turns).

Norrive the Bludgeoner (Human Wanderer)            Turns: 45368, Time: 02:13:50

Health: -14/143    AC: 24    Str: 32    XL:     18   Next: 57%
Magic:  25/25      EV: 10    Int: 11    God:    Okawaru [*****.]
Gold:   2776       SH: 26    Dex: 14    Spells: 17/17 levels left

rFire    + . .     SeeInvis .   a - +6 eveningstar of the Final Chapter {pain, MR+ Str+10 Dex+2}
rCold    + . .     Gourm    .   d - +2 tower shield {AC+3}
rNeg     . . .     Faith    .   u - +3 plate armour {rF+}
rPois    .         Spirit   .   s - +1 helmet
rElec    +         Reflect  .   x - scarf {cloud immunity}
rCorr    .         Harm     .   Y - +1 pair of gloves {Str+3}
MR       ++++.                  y - +0 pair of boots {Fly}
Stlth    ..........             K - amulet of the acrobat
HPRegen  0.33/turn              R - ring of protection from magic
MPRegen  0.19/turn              w - ring "Qogot" {rElec rC+ MR+ Int-4}

@: flying
A: no striking features
a: Heroism, Finesse, Renounce Religion, Stop Flying


You were on level 2 of the Shoals.
You worshipped Okawaru.
Okawaru was extremely pleased with you.
You were hungry.

You visited 6 branches of the dungeon, and saw 27 of its levels.
You visited the Abyss 1 time.
You also visited: Trove, Ossuary and Ice Cave.

You collected 2880 gold pieces.
You spent 104 gold pieces at shops.

Inventory:

Hand Weapons
 a - the +6 eveningstar of the Final Chapter (weapon) {pain, MR+ Str+10 Dex+2}
   (Okawaru gifted it to you on level 4 of the Lair of Beasts)

   In the hands of one skilled in necromantic magic, it inflicts extra damage on
   living creatures.
   It affects your strength (+10).
   It affects your dexterity (+2).
   It affects your resistance to hostile enchantments.
 e - the +10 eveningstar "Cyugempa" {drain, +Fly}
   (You found it in a treasure trove)

   A truly terrible weapon, it drains the life of those it strikes.
   It lets you fly.
 f - a +2 demon whip of venom
 l - the +6 hand crossbow "Ogre's Nightmare" {freeze, +Inv Dex-5 Stlth+}
   (You found it in an ice cave)

   It causes projectiles fired from it to freeze those they strike, causing
   extra injury to most foes and up to half again as much damage against
   particularly susceptible opponents.
   They can also slow down cold-blooded creatures.
   It affects your dexterity (-5).
   It lets you turn invisible.
   It makes you more stealthy.
Missiles
 m - 15 silver javelins
 t - 891 stones
 A - 142 bolts
 G - 4 throwing nets
 S - 15 curare-tipped darts (quivered)
 V - 17 javelins
Armour
 d - a +2 tower shield of protection (worn)
 s - a +1 helmet (worn)
 u - a +3 plate armour of fire resistance (worn)
 x - a scarf of cloud immunity (worn)
 y - a +0 pair of boots of flying (worn)
 Y - a +1 pair of gloves of strength (worn)
Jewellery
 w - the ring "Qogot" (right hand) {rElec rC+ MR+ Int-4}
   (You found it on level 2 of the Orcish Mines)

   [ring of protection from magic]

   It affects your intelligence (-4).
   It protects you from cold.
   It insulates you from electricity.
   It affects your resistance to hostile enchantments.
 K - an amulet of the acrobat (around neck)
 N - a +4 ring of protection
 P - the ring "Olliawid" {rElec rPois Str+2 SInv}
   (You took it off an orc on level 6 of the Dungeon)

   [ring of strength]

   It affects your strength (+2).
   It insulates you from electricity.
   It protects you from poison.
   It lets you see invisible.
 R - a ring of protection from magic (left hand)
 W - an uncursed ring of resist corrosion
Wands
 b - a wand of enslavement (19)
 B - a wand of iceblast (8)
 U - a wand of scattershot (4)
Scrolls
 c - 2 scrolls of fear
 h - 9 scrolls of remove curse
 i - 13 scrolls of teleportation
 k - a scroll of torment
 q - 2 scrolls of blinking
 D - a scroll of fog
 E - 6 scrolls of enchant armour
 F - 3 scrolls of noise
 J - 3 scrolls of summoning
 O - 8 scrolls of immolation
 Q - 3 scrolls of identify
 T - a scroll of magic mapping
 X - 2 scrolls of enchant weapon
 Z - 2 scrolls of vulnerability
Potions
 n - 4 potions of mutation
 o - 3 potions of flight
 p - 6 potions of might
 r - 4 potions of cancellation
 v - 4 potions of resistance
 z - 2 potions of ambrosia
 C - a potion of berserk rage
 H - 3 potions of curing
 I - 4 potions of haste
 L - 4 potions of lignification
Miscellaneous
 M - a box of beasts
Comestibles
 g - 32 rations


   Skills:
 * Level 13.1 Fighting
   Level 1.0(12.6) Axes
 + Level 18.6(18.7) Maces & Flails
 - Level 2.0 Throwing
 - Level 6.0 Armour
 - Level 7.0 Dodging
 - Level 2.1 Stealth
 * Level 18.5 Shields
 - Level 2.0 Unarmed Combat
 - Level 10.0 Invocations


You had 17 spell levels left.
You didn't know any spells.
Your spell library contained the following spells:

 Spells                   Type           Power        Failure   Level  Hunger
 Animate Skeleton         Necr           N/A          100%        1    ##.....
 Apportation              Tloc           #.....       100%        1    ##.....
 Beastly Appendage        Tmut           #.....       100%        1    ##.....
 Corona                   Hex            #......      100%        1    ##.....
 Magic Dart               Conj           #...         100%        1    ##.....
 Pain                     Necr           #...         100%        1    ##.....
 Sandblast                Erth           #.....       100%        1    ##.....
 Shock                    Conj/Air       #...         100%        1    ##.....
 Summon Small Mammal      Summ           #...         100%        1    ##.....
 Corpse Rot               Necr/Air       N/A          100%        2    ###....
 Passwall                 Tmut/Erth      #.......     100%        2    ###....
 Searing Ray              Conj           #.....       100%        2    ###....
 Sticks to Snakes         Tmut           #.......     100%        2    ###....
 Sublimation of Blood     Necr           #.........   100%        2    ###....
 Swiftness                Chrm/Air       #.......     100%        2    ###....
 Dazzling Flash           Conj/Hex       #.....       100%        3    ####...
 Spider Form              Tmut/Pois      #.........   100%        3    ####...
 Static Discharge         Conj/Air       #.......     100%        3    ####...
 Stone Arrow              Conj/Erth      #.....       100%        3    ####...
 Vampiric Draining        Necr           #.........   100%        3    ####...
 Airstrike                Air            #.........   100%        4    #####..
 Animate Dead             Necr           N/A          100%        4    #####..
 Dispel Undead            Necr           #.......     100%        4    #####..
 Fulminant Prism          Conj/Hex       #.........   100%        4    #####..
 Ice Form                 Ice/Tmut       #.......     100%        4    #####..
 Iskenderun's Mystic Bla  Conj/Tloc      #.......     100%        4    #####..
 Petrify                  Tmut/Erth      #.......     100%        4    #####..
 Agony                    Necr           #.......     100%        5    ######.
 Blade Hands              Tmut           #.........   100%        5    ######.
 Bolt of Magma            Conj/Fire/Erth #.........   100%        5    ######.
 Excruciating Wounds      Chrm/Necr      #.........   100%        5    ######.
 Iskenderun's Battlesphe  Conj/Chrm      #.......     100%        5    ######.
 Lee's Rapid Deconstruct  Erth           #.........   100%        5    ######.
 Lightning Bolt           Conj/Air       #.........   100%        5    ######.
 Iron Shot                Conj/Erth      #.........   100%        6    #######
 Orb of Destruction       Conj           #.........   100%        7    #######
 Spellforged Servitor     Conj/Summ      #.........   100%        7    #######


Dungeon Overview and Level Annotations

Branches:
Dungeon (15/15)            Temple (1/1) D:7            Lair (6/6) D:11
 Shoals (2/4) Lair:2       Spider (1/4) Lair:4        Slime (0/5) Lair:6
    Orc (2/2) D:10            Elf (0/3) Orc:2        Vaults (0/5) D:13
 Depths (0/5) D:15        Ossuary (visited)           IceCv (visited)

Altars:
Ashenzari
Cheibriados
Dithmenos
Elyvilon
Fedhas
Gozag
Hepliaklqana
Kikubaaqudgha
Makhleb
Nemelex Xobeh
Okawaru
Qazlal
Ru
Sif Muna
Trog
Uskayaw
Vehumet
Wu Jian
Xom
Yredelemnul
Zin
The Shining One
Beogh
Jiyva

Shops:
D:15 !   Orc:2 }:(!   Shoals:1 (

Annotations:
D:8 1 runed translucent door
D:9 2 runed translucent doors, exclusion: orange crystal statue
Lair:3 1 runed translucent door, Fynoohai's ghost, journeyman DrAE
Spider:1 Roxanne


Message History

The water nymph casts a spell at you. The water rises up and strikes you!!!
* * * LOW HITPOINT WARNING * * *
You feel better. You block the water nymph's attack.
Press: ? - help, v - describe, . - travel
Here: a water nymph Some shallow water.
You feel better. The water nymph touches you. The water nymph drowns you!
* * * LOW HITPOINT WARNING * * *
You bludgeon the water nymph!!
The water nymph is heavily wounded.
You block the water nymph's attack.
You puncture the water nymph!
The water nymph is severely wounded.
The water nymph touches you. The water nymph drowns you!
* * * LOW HITPOINT WARNING * * *
You feel better.
The water nymph points at you and mumbles some strange words.
The water rises up and strikes you!!
You die...

...≈≈≈≈≈≈≈≈≈≈≈≈≈≈#
≈≈≈≈≈≈≈ ≈.
#..P≈≈≈≈≈≈≈≈≈≈≈≈#
≈≈≈≈≈..
≈.###.≈≈≈≈≈≈≈≈≈≈≈≈≈#
≈≈≈≈..≈
$.....P≈≈≈≈≈≈≈≈≈≈≈≈#
≈≈≈..≈≈
≈≈≈..P≈≈≈≈≈≈≈≈≈≈≈≈≈#
≈≈≈.≈≈≈
≈≈≈≈≈≈≈P≈≈≈≈≈≈≈≈≈≈≈#
≈≈..≈
≈≈≈≈≈≈≈P≈≈≈≈≈≈≈≈≈≈≈#
≈.#
≈≈≈≈≈≈mP≈≈≈≈≈≈≈≈≈≈≈#
.#
...P.P≈@≈≈≈≈≈≈≈≈≈≈≈#
##
...P.P.P≈≈≈≈≈≈≈≈≈≈≈#
###
.≈≈≈≈PPP.≈≈≈≈≈≈≈≈≈≈
..#
.≈≈≈≈.##P≈≈≈≈≈≈≈≈≈
..# .≈≈≈≈#
...≈≈≈≈≈≈≈ ### %%.≈.
.>..≈≈≈≈≈≈ # ..≈≈
P...≈≈≈≈≈ ##### #.≈≈
≈..≈≈≈≈ .≈..###.


You could see a water nymph.

Vanquished Creatures
  Saint Roka (Orc:2)
  Rupert (Lair:4)
  2 tentacled starspawn (Abyss:3)
  A kraken (Shoals:2)
  2 orc warlords (Orc:2)
  A frost giant (D:15)
  A very ugly thing (Abyss:3)
  Nessos (D:15)
  A dire elephant (Lair:6)
  The ghost of Duffy the Eclecticist, a journeyman DEEE of Sif Muna (Lair:6)
  Snorg (Lair:6)
  A merfolk javelineer (Shoals:2)
  5 merfolk impalers
  Josephine (Shoals:1)
  4 vault guards (D:13)
  Harold (Lair:1)
  6 centaur warriors
  7 hydras
  2 merfolk avatars
  2 catoblepae
  6 two-headed ogres
  A death knight (D:11)
  A satyr (Shoals:2)
  A deep troll shaman (Lair:6)
  29 death yaks
  A tengu warrior (D:14)
  4 orc high priests (Orc:2)
  Urug (D:12)
  8 skeletal warriors
  5 sea snakes
  An unseen horror (D:12)
  An unseen horror (shapeshifter) (D:15)
  3 starcursed masses (Abyss:3)
  8 harpies
  A wizard (D:13)
  A necromancer (IceCv)
  4 orc knights
  7 orc sorcerers
  An orb spider (Spider:1)
  14 ugly things
  6 wolf spiders
  A deep elf mage (D:14)
  7 fauns
  3 merfolk sirens
  A cyclops (Shoals:2)
  6 manticores
  3 ice statues (IceCv)
  2 moths of wrath
  2 gargoyles
  11 elephants
  3 water nymphs
  3 black mambas
  Maurice (D:8)
  10 spiny frogs
  4 kobold demonologists
  A demonic crawler (Lair:4)
  2 yaktaurs
  A rime drake (Lair:6)
  A tengu conjurer (D:14)
  An efreet (D:15)
  8 ice devils (IceCv)
  5 komodo dragons
  3 trolls
  4 polar bears
  A slime creature (D:13)
  8 jumping spiders
  3 hornets
  4 raiju (Abyss:3)
  2 wind drakes
  8 blink frogs
  7 merfolk
  11 dream sheep
  6 large abominations (Abyss:3)
  14 hippogriffs
  3 snapping turtles (Shoals:2)
  2 meliai zombies
  A ynoxinul (Abyss:3)
  2 vampires
  4 tarantellas (Spider:1)
  3 flying skulls (Abyss:3)
  10 wraiths
  13 redbacks
  5 spriggans
  A water elemental (Shoals:1)
  5 wyverns
  29 yaks
  2 shadows
  11 fire bats (D:8)
  3 basilisks
  A neqoxec (Shoals:1)
  A hungry ghost (D:11)
  2 steam dragons (D:6)
  11 vampire mosquitoes
  7 wargs
  A soldier ant (D:14)
  3 acid dragons
  13 water moccasins
  8 porcupines
  4 ice beasts
  52 orc warriors
  4 sky beasts
  9 black bears
  2 hornet zombies
  19 ogres
  A phantom (D:6)
  2 eyes of draining
  4 wolves (Lair:6)
  12 centaurs
  11 crocodiles
  22 bullfrogs
  13 big kobolds
  An earth elemental (Abyss:3)
  10 scorpions
  A wyvern skeleton (D:13)
  11 killer bees
  3 electric eels
  3 howler monkeys
  5 centaur zombies
  5 crimson imps
  3 quasits
  A draconian simulacrum (IceCv)
  A bullfrog zombie (D:11)
  38 orc priests
  31 orc wizards
  The ghost of will825x the Caller, a weakling FeSu (D:4)
  5 bullfrog skeletons
  7 centaur skeletons
  3 hounds
  2 human zombies (Ossuary)
  5 jellies
  Ijyb (D:4)
  Terence (D:2)
  An iguana (D:14)
  A spriggan simulacrum (Abyss:3)
  2 troll simulacra (IceCv)
  3 worker ants
  A big kobold zombie (Ossuary)
  3 small abominations (Abyss:3)
  2 centaur simulacra (IceCv)
  2 hound zombies
  2 mummies (Ossuary)
  A worker ant zombie (D:5)
  7 gnolls
  A howler monkey skeleton (D:9)
  11 adders
  3 naga simulacra (IceCv)
  2 ogre simulacra (IceCv)
  6 shadow imps
  12 white imps (Lair:3)
  2 oozes
  An adder zombie (D:5)
  An adder skeleton (D:6)
  A worm (D:4)
  2 dart slugs
  10 leopard geckos
  132 orcs
  A ball python (D:3)
  78 bats
  5 giant cockroaches
  5 goblins
  4 hobgoblins
  3 jackals (D:3)
  3 quokkas
  7 frilled lizards
  3 goblin zombies (Ossuary)
  8 hobgoblin zombies (Ossuary)
  3 jackal zombies (Ossuary)
  28 kobolds
  12 kobold zombies (Ossuary)
  8 orc zombies (Ossuary)
  5 rats
  2 tentacles (Shoals:2)
1111 creatures vanquished.

Vanquished Creatures (others)
  2 orc priests
  2 orc wizards
  An orc (Orc:2)
  A giant cockroach (D:6)
  58 fungi
  33 plants
  2 starspawn tentacles (Abyss:3)
  11 tentacles (Shoals:2)
110 creatures vanquished.

Grand Total: 1221 creatures vanquished

Notes
Turn   | Place    | Note
-------+----------+-------------------------------------------
     0 | D:1      | Norrive the Human Wanderer began the quest for the Orb.
     0 | D:1      | Norrive set off with the following items: a +0 dagger, a
                  | potion of heal wounds, a scroll of teleportation, 13
                  | poisoned darts, a scroll of fear, a +0 robe, a ration
     0 | D:1      | Reached XP level 1. HP: 21/21 MP: 1/1
   106 | D:1      | Reached XP level 2. HP: 13/27 MP: 2/2
  1531 | D:2      | Noticed Terence
  1569 | D:2      | Reached skill level 1 in Stealth
  1569 | D:2      | Reached XP level 3. HP: 33/33 MP: 3/3
  2184 | D:2      | Found an iron altar of Okawaru.
  2184 | D:2      | Found a bloodstained altar of Trog.
  2192 | D:2      | Became a worshipper of Warmaster Okawaru
  2582 | D:2      | Killed Terence
  2582 | D:2      | Reached skill level 1 in Dodging
  2582 | D:2      | Reached XP level 4. HP: 36/39 MP: 4/4
  3212 | D:3      | Found a glowing golden altar of the Shining One.
  3235 | D:3      | Reached XP level 5. HP: 17/44 MP: 5/5
  3608 | D:3      | Found an ornate altar of the Wu Jian Council.
  3608 | D:3      | Found a hide-covered altar of Uskayaw.
  3608 | D:3      | Found an opulent altar of Gozag.
  4096 | D:4      | Found a runed translucent gate.
  4096 | D:4      | Found a runed translucent gate.
  4096 | D:4      | Found a runed translucent gate.
  4097 | D:4      | Noticed a big kobold
  4100 | D:4      | Noticed will825x's ghost (weakling FeSu)
  4134 | D:4      | Noticed Ijyb
  4148 | D:4      | Killed Ijyb
  4287 | D:4      | Noticed an ogre
  4299 | D:4      | Killed an ogre
  4299 | D:4      | Reached XP level 6. HP: 44/51 MP: 6/6
  4422 | D:4      | Reached skill level 5 in Dodging
  5045 | D:4      | Reached * piety under Okawaru
  5045 | D:4      | Reached XP level 7. HP: 42/56 MP: 7/7
  5420 | D:5      | Entered Level 5 of the Dungeon
  5577 | D:5      | Found a stormy altar of Qazlal.
  5578 | D:5      | Found a blossoming altar of Fedhas.
  6038 | D:5      | Reached skill level 1 in Invocations
  6630 | D:6      | Reached XP level 8. HP: 58/63 MP: 9/9
  6694 | D:6      | Reached skill level 1 in Maces & Flails
  6720 | D:6      | Reached ** piety under Okawaru
  6891 | D:6      | Identified the ring "Olliawid" {rElec rPois Str+2 SInv}
  6899 | D:6      | Identified the +2 robe of Liberty {rPois Str+6 Dex-4 SInv}
  7971 | D:6      | You fall into a shaft and drop 1 floor!
  7971 | D:7      | Found a sparkling altar of Nemelex Xobeh.
  8257 | D:7      | Found a staircase to the Ecumenical Temple.
  8513 | D:7      | Found a sand-covered staircase.
  8532 | Ossuary  | Entered an ossuary
  8834 | Ossuary  | Reached XP level 9. HP: 71/71 MP: 12/12
  9029 | Temple   | Entered the Ecumenical Temple
  9389 | D:7      | Reached skill level 5 in Invocations
 10502 | D:8      | Reached *** piety under Okawaru
 10813 | D:8      | Found a runed translucent door.
 10817 | D:8      | Found a shimmering blue altar of Sif Muna.
 10851 | D:8      | Found a sparkling altar of Nemelex Xobeh.
 10876 | D:8      | Found a basalt altar of Yredelemnul.
 10972 | D:8      | Reached XP level 10. HP: 39/83 MP: 15/15
 11195 | D:8      | Found a shattered altar of Ashenzari.
 11217 | D:8      | Reached skill level 10 in Fighting
 11270 | D:8      | Reached **** piety under Okawaru
 11508 | D:8      | Noticed a flayed ghost
 11783 | D:8      | Noticed Maurice
 11823 | D:8      | Killed Maurice
 11971 | D:8      | Found a hazy altar of Hepliaklqana.
 12162 | D:8      | Found a basalt altar of Yredelemnul.
 12482 | D:9      | Received a gift from Okawaru
 12494 | D:9      | Found a shimmering altar of Xom.
 12494 | D:9      | Found a sacrificial altar of Ru.
 12502 | D:9      | Found an ancient bone altar of Kikubaaqudgha.
 12515 | D:9      | Found a faded altar of an unknown god.
 12532 | D:9      | Reached ***** piety under Okawaru
 12532 | D:9      | Reached skill level 1 in Armour
 12855 | D:9      | Found a shattered altar of Ashenzari.
 12915 | D:9      | Reached XP level 11. HP: 88/95 MP: 16/16
 13100 | D:9      | Found a runed translucent door.
 13211 | D:9      | Found the +10 tower shield of Ignorance {rN+ Int-4}
 13236 | D:9      | Found a runed translucent door.
 13242 | D:9      | Noticed an orange crystal statue
 13399 | D:9      | Paralysed by a hornet for 2 turns
 13408 | D:9      | Reached skill level 5 in Armour
 13894 | D:9      | Reached skill level 1 in Shields
 14174 | D:10     | Entered Level 10 of the Dungeon
 14893 | D:10     | Found a staircase to the Orcish Mines.
 15352 | D:10     | Received a gift from Okawaru
 15598 | D:10     | Received a gift from Okawaru
 16072 | D:11     | Reached skill level 5 in Shields
 16080 | D:11     | Reached skill level 5 in Maces & Flails
 16437 | D:11     | Noticed a purple ugly thing
 16467 | D:11     | Killed a purple ugly thing
 16619 | D:11     | Noticed a skeletal warrior
 16619 | D:11     | Noticed a skeletal warrior
 16760 | D:10     | Killed a skeletal warrior
 16760 | D:10     | Reached XP level 12. HP: 33/102 MP: 15/17
 17196 | D:11     | Found a staircase to the Lair.
 17286 | D:11     | Noticed a death knight
 17897 | D:11     | Noticed a skeletal warrior
 17922 | D:11     | Killed a skeletal warrior
 17999 | D:11     | Killed a skeletal warrior
 18135 | D:11     | Killed a death knight
 19345 | Lair:1   | Entered Level 1 of the Lair of Beasts
 20496 | Lair:2   | Noticed Harold
 20699 | Lair:1   | Killed Harold
 20699 | Lair:1   | Received a gift from Okawaru
 20932 | Lair:2   | You fall into a shaft and drop 2 floors!
 21119 | Lair:3   | Reached XP level 13. HP: 108/108 MP: 18/18
 21165 | Lair:3   | Noticed a five-headed hydra
 21205 | Lair:3   | Killed a one-headed hydra
 21283 | Lair:3   | Found a frozen archway.
 21359 | IceCv    | Entered an ice cave
 23007 | IceCv    | Reached skill level 10 in Shields
 23109 | IceCv    | Reached skill level 10 in Maces & Flails
 23776 | IceCv    | Found the +2 robe of Vines {NoPotionHeal Regen+7}
 24082 | IceCv    | Got a crude crystal plate armour
 24090 | IceCv    | Got a steaming hand crossbow
 24183 | Lair:3   | Found a runed translucent door.
 24186 | Lair:3   | Noticed Fynoohai's ghost (journeyman DrAE)
 24186 | Lair:3   | Identified the +11 trident "Meler" {vamp, rN+ Str-2 Dex+3
                  | SInv}
 24269 | Lair:3   | Noticed a five-headed hydra
 24287 | Lair:3   | Killed a one-headed hydra
 24347 | Lair:3   | Noticed a five-headed hydra
 24357 | Lair:3   | Killed a one-headed hydra
 24749 | Lair:3   | Identified the cursed +0 crystal plate armour of Nodes
                  | {*Slow rElec rCorr Dex+2} (You found it in an ice cave)
 24749 | Lair:3   | Identified the +6 hand crossbow "Ogre's Nightmare" {freeze,
                  | +Inv Dex-5 Stlth+} (You found it in an ice cave)
 26019 | Lair:2   | Found a staircase to the Shoals.
 26419 | Lair:2   | Received a gift from Okawaru
 26887 | Lair:4   | Noticed a seven-headed hydra
 26909 | Lair:4   | Killed a one-headed hydra
 27279 | Lair:4   | Received a gift from Okawaru
 27337 | Lair:4   | Got a transparent eveningstar {god gift}
 27393 | Lair:4   | Reached XP level 14. HP: 91/115 MP: 19/19
 27466 | Lair:4   | Identified the +6 eveningstar of the Final Chapter {pain,
                  | MR+ Str+10 Dex+2} (Okawaru gifted it to you on level 4 of
                  | the Lair of Beasts)
 27960 | Lair:4   | Found a hole to the Spider Nest.
 28605 | Lair:5   | Received a gift from Okawaru
 28609 | Lair:5   | Got a shimmering hand axe
 29692 | Lair:6   | Entered Level 6 of the Lair of Beasts
 29922 | Lair:6   | Found a staircase to the Slime Pits.
 29923 | Lair:6   | Found a viscous altar of Jiyva.
 29946 | Lair:6   | Found a transporter.
 29963 | Lair:6   | Noticed Snorg
 29988 | Lair:6   | Killed Snorg
 30002 | Lair:6   | Received a gift from Okawaru
 30883 | Lair:6   | Reached XP level 15. HP: 120/120 MP: 20/20
 31614 | Lair:6   | Received a gift from Okawaru
 32183 | Lair:6   | Identified the cursed +1 trident of Qocreqyt {freeze,
                  | Int+3}
 32192 | Lair:6   | Found a bloodstained altar of Trog.
 32193 | Lair:6   | Noticed Duffy's ghost (journeyman DEEE)
 32204 | Lair:6   | Found a transporter.
 32520 | Lair:6   | Killed Duffy's ghost
 33129 | D:12     | Noticed Urug
 33139 | D:12     | Killed Urug
 33139 | D:12     | Reached skill level 15 in Maces & Flails
 33148 | D:12     | Received a gift from Okawaru
 33154 | D:12     | Got a brightly glowing spear {god gift}
 33155 | D:12     | Identified the +0 spear "Ozoesm" {drain, MP+9 Str+4 Dex+3}
                  | (Okawaru gifted it to you on level 12 of the Dungeon)
 33605 | D:13     | Reached skill level 15 in Shields
 34081 | D:13     | Reached XP level 16. HP: 127/127 MP: 19/21
 34142 | D:13     | Reached ****** piety under Okawaru
 34231 | D:13     | Found a gate to the Vaults.
 34719 | D:14     | Found a stormy altar of Qazlal.
 34932 | D:14     | Identified the +5 hand axe of Triumph {vorpal, rPois rN++}
                  | (You found it on level 5 of the Lair of Beasts)
 35125 | D:14     | Received a gift from Okawaru
 35173 | D:14     | Found a shattered altar of Ashenzari.
 35309 | D:14     | Found a portal to a secret trove of treasure.
 35354 | Trove    | Entered a treasure trove
 35377 | Trove    | Got a bone eveningstar
 35417 | D:14     | Identified the +10 eveningstar "Cyugempa" {drain, +Fly}
                  | (You found it in a treasure trove)
 35666 | D:15     | Entered Level 15 of the Dungeon
 35680 | D:15     | Found Gixuaq's Distillery.
 35686 | D:15     | Bought a potion of heal wounds for 65 gold pieces
 35686 | D:15     | Bought a potion of flight for 39 gold pieces
 36242 | D:15     | Found a staircase to the Depths.
 36242 | D:15     | Noticed a frost giant
 36247 | D:15     | Killed a frost giant
 36345 | D:15     | Noticed Nessos
 36361 | D:15     | Killed Nessos
 36528 | Orc:1    | Entered Level 1 of the Orcish Mines
 37306 | Orc:1    | Reached XP level 17. HP: 100/133 MP: 24/24
 37318 | Orc:1    | You fall into a shaft and drop 1 floor!
 37318 | Orc:2    | Entered Level 2 of the Orcish Mines
 37339 | Orc:2    | Reached skill level 10 in Invocations
 37757 | Orc:2    | Noticed Saint Roka
 38056 | Orc:2    | Killed Saint Roka
 38465 | Orc:2    | Found a roughly hewn altar of Beogh.
 38582 | Orc:2    | Found the cursed +14 obsidian axe {vorpal, +Fly SInv
                  | *Curse}
 38675 | Orc:2    | Found a staircase to the Elven Halls.
 38842 | Orc:2    | Got a pitted turquoise ring
 38921 | Orc:2    | Found Gogoamn's Distillery.
 39237 | Orc:2    | Found a roughly hewn altar of Beogh.
 39542 | Orc:2    | Found Ebbayggise's Weapon Boutique.
 39854 | Orc:2    | Found Fusemixe's Gadget Emporium.
 39875 | Orc:2    | Found Vockep's Book Shoppe.
 40321 | D:4      | Killed will825x's ghost
 40339 | D:4      | Identified the ring "Qogot" {rElec rC+ MR+ Int-4} (You
                  | found it on level 2 of the Orcish Mines)
 40579 | Spider:1 | Entered Level 1 of the Spider Nest
 40586 | Spider:1 | Identified Roxanne's Volume of Earth
 40586 | Spider:1 | Noticed Roxanne
 40631 | Spider:1 | Noticed Rupert
 40719 | Lair:4   | Killed Rupert
 42022 | Shoals:1 | Entered Level 1 of the Shoals
 42227 | Shoals:1 | Cast into level 3 of the Abyss (merfolk impaler)
 42227 | Abyss:3  | Found a corrupted altar of Lugonu.
 42273 | Abyss:3  | Found a corrupted altar of Lugonu.
 42313 | Abyss:3  | Noticed a tentacled starspawn
 42327 | Abyss:3  | Killed a tentacled starspawn
 42390 | Abyss:3  | Noticed a tentacled starspawn
 42399 | Abyss:3  | Killed a tentacled starspawn
 42597 | Abyss:3  | Reached XP level 18. HP: 99/140 MP: 23/25
 42701 | Abyss:3  | Noticed a lich
 42708 | Shoals:1 | Escaped the Abyss
 42870 | Shoals:1 | Noticed Josephine
 42891 | Shoals:1 | Killed Josephine
 43112 | Shoals:1 | Found Jiol's Weapon Shoppe.
 44782 | Shoals:2 | Received a gift from Okawaru
 45109 | Shoals:2 | Noticed a kraken
 45140 | Shoals:2 | Killed a kraken
 45363 | Shoals:2 | HP: 6/143 [water nymph/the raging water (38)]
 45367 | Shoals:2 | HP: 1/143 [drowned by a water nymph (13)]
 45368 | Shoals:2 | Killed from afar by a water nymph

Levels and vault maps discovered:
D:1:      lemuel_arrival_muddy, layout_loops_ring
D:2:      layout_rooms, gammafunk_temple_overflow_elements, first_ration,
          hangedman_decor_clover_reticule, minmay_misc_feat_plants,
          serial_park_tiny_1, uniq_terence
D:3:      layout_basic, tso_metal_star, gammafunk_temple_overflow_claw
D:4:      layout_gridville, gammafunk_ghost_nasty_kobolds, uniq_ijyb
D:5:      layout_cave_pools, grunt_temple_overflow_forces_of_nature
D:6:      cheibrodos_steamvent, layout_layer_cave
D:7:      layout_cave_pools, nemelex_xobeh_ov_fountains_minmay,
          minmay_temple_entry_proselytizer, enter_ossuary_2, the_bakery,
          minmay_starry_boxes
D:8:      due_megacathedral, layout_basic, uniq_maurice
D:9:      layout_roguey, chequers_temple_overflow_minitemple,
          chequers_guarded_unrand_ignorance
D:10:     layout_roguey, kennysheep_orc_monster_closet_entryway,
          kennysheep_path_1
D:11:     minmay_skewed_foursquare, layout_loops_corners,
          due_lair_maze_entry_diamond, kennysheep_minor_cross
D:12:     layout_long_grid, uniq_urug
D:13:     layout_rooms, lightli_vaults_fourway_checkpoint
D:14:     layout_irregular_city, nicolae_trove_entry_diagonal,
          minmay_misc_feat_roman, basic_altar, lemuel_statue_altar
D:15:     grunt_enter_depths_snipers, layout_rooms, minmay_tree_intersection,
          serial_shops, shop, minmay_bent, uniq_nessos
Temple:   compressed_dpeg_triangle_lava_temple
Lair:1:   layout_chaotic_city, chequers_serial_rivers_micro_e
Lair:2:   layout_regular_city, minmay_shoals_entry_beasts, serial_bayou_shore_b,
          lemuel_fruit_tree, uniq_harold
Lair:3:   layout_gridlike, portal_ice_cave_entry_imps,
          ebering_ghost_funeral_grove, serial_bayou_shore_a, grunt_megastairs_5,
          serial_bayou_shore_b
Lair:4:   layout_layer_cave, spider_nest_entry_funnel_web
Lair:5:   layout_layer_cave, nicolae_quartered_pool_medium,
          gammafunk_lair_bear_cave
Lair:6:   grunt_lair_end_beastmaster, layout_regular_city, slime_altar_1,
          gammafunk_ghost_wrathful_warriors, grunt_megastairs_3,
          serial_bayou_shore_b, uniq_snorg
Shoals:1: layout_shoals, serial_shops, shop, uniq_josephine
Shoals:2: layout_shoals, nicolae_shoals_hunting_party
Spider:1: layout_spider_delve, uniq_roxanne, uniq_rupert
Orc:1:    layout_caves
Orc:2:    pubby_orc_utopia, uniq_saint_roka

Skill      XL: |  1  2  3  4  5  6  7  8  9 10 11 12 13 14 15 16 17 18 |
---------------+-------------------------------------------------------+-----
Stealth        | 1 2 |  2.1
Dodging        | 1 2 4 5 7 |  7.0
Invocations    | 1 4 7 9 10 | 10.0
Maces & Flails | 2 5 9 11 13 15 16 18 | 18.6
Fighting       | 6 9 12 13 | 13.1
Armour         | 2 6 |  6.0
Shields        | 5 9 11 13 15 16 18 | 18.5
Axes           | |  1.0
Throwing       | |  2.0
Unarmed Combat | |  2.0

Action                   |  1- 3 |  4- 6 |  7- 9 | 10-12 | 13-15 | 16-18 || total
-------------------------+-------+-------+-------+-------+-------+-------++-------
Melee: Dagger            |   143 |       |       |       |       |       ||   143
       Mace              |       |   113 |   378 |  1458 |   318 |       ||  2267
       Punch             |       |     1 |     3 |     3 |       |       ||     7
       Unarmed           |       |    14 |       |    22 |       |       ||    36
       Falchion          |       |       |   107 |    25 |       |       ||   132
       Long sword        |       |       |    55 |       |   290 |       ||   345
       Hand axe          |       |       |       |       |    22 |       ||    22
       Eveningstar       |       |       |       |       |   635 |  1576 ||  2211
 Fire: Hunting sling     |     6 |       |       |       |       |       ||     6
Throw: Dart              |    12 |    12 |     9 |     3 |       |     5 ||    41
Invok: Heroism           |       |       |       |    10 |    21 |    13 ||    44
       Finesse           |       |       |       |     2 |     5 |       ||     7
Evoke: Wand              |       |       |       |     9 |       |       ||     9
  Use: Potion            |       |     5 |     1 |     2 |     5 |     9 ||    22
       Scroll            |       |       |     9 |    11 |     6 |     7 ||    33
 Stab: Confused          |       |     1 |       |       |       |       ||     1
       Paralysed         |       |       |       |     9 |       |       ||     9
       Petrified         |       |       |       |       |     4 |       ||     4
       Petrifying        |       |       |       |       |     1 |       ||     1
  Eat: Chunk             |     3 |     6 |    13 |    31 |    15 |    27 ||    95
       Ration            |     1 |       |     2 |     3 |     8 |     3 ||    17
Armor: Robe              |    11 |       |       |       |       |       ||    11
       Leather armour    |    21 |       |       |       |       |       ||    21
       Scale mail        |       |    58 |   183 |       |       |       ||   241
       Skin              |       |     1 |       |     6 |       |       ||     7
       Chain mail        |       |       |   264 |   729 |       |       ||   993
       Plate armour      |       |       |       |   348 |   489 |   388 ||  1225
Dodge: Dodged            |    67 |    77 |   382 |   735 |   298 |   408 ||  1967
Block: Kite shield       |       |       |       |   468 |   600 |       ||  1068
       Tower shield      |       |       |       |       |   202 |  1899 ||  2101
       Rpst.: Falchion   |       |       |    30 |     3 |       |       ||    33
       Long sword        |       |       |     4 |       |    24 |       ||    28

Table legend:
 A = Non-vault XP
 B = Vault XP
 C = Vault XP percentage of total XP
 D = Non-vault monster count
 E = Vault monster count
 F = Vault count percentage of total count
                 A         B        C        D         E       F
            +---------+---------+-------+---------+---------+-------
      Total |  161255 |   78765 |  32.8 |     763 |     348 |  31.3
            +---------+---------+-------+---------+---------+-------
        D:1 |      25 |       0 |   0.0 |      14 |       0 |   0.0
        D:2 |      30 |      36 |  54.5 |       8 |       1 |  11.1
        D:3 |      82 |       0 |   0.0 |      24 |       0 |   0.0
        D:4 |     358 |     183 |  33.8 |      16 |      10 |  38.5
        D:5 |     421 |       0 |   0.0 |      19 |       0 |   0.0
        D:6 |     442 |     399 |  47.4 |      11 |       3 |  21.4
        D:7 |     332 |     366 |  52.4 |      11 |       4 |  26.7
        D:8 |    2891 |    1472 |  33.7 |     102 |       6 |   5.6
        D:9 |    2283 |     133 |   5.5 |      45 |       1 |   2.2
       D:10 |    3690 |    1708 |  31.6 |      42 |      19 |  31.1
       D:11 |    8777 |    2011 |  18.6 |      47 |      14 |  23.0
       D:12 |    4106 |     807 |  16.4 |      28 |       1 |   3.4
       D:13 |    7839 |    6631 |  45.8 |      42 |      12 |  22.2
       D:14 |   15486 |       0 |   0.0 |      61 |       0 |   0.0
       D:15 |    8755 |    6840 |  43.9 |      29 |      10 |  25.6
     Lair:1 |    2625 |     965 |  26.9 |      13 |       1 |   7.1
     Lair:2 |    5606 |     487 |   8.0 |      18 |       1 |   5.3
     Lair:3 |    4872 |     584 |  10.7 |      14 |      14 |  50.0
     Lair:4 |   11049 |    4003 |  26.6 |      30 |       4 |  11.8
     Lair:5 |   15785 |     623 |   3.8 |      37 |       4 |   9.8
     Lair:6 |   15538 |   16964 |  52.2 |      28 |      32 |  53.3
   Shoals:1 |   13495 |    1858 |  12.1 |      27 |       5 |  15.6
   Shoals:2 |   15325 |    2188 |  12.5 |      30 |       2 |   6.2
   Spider:1 |    6246 |       0 |   0.0 |      20 |       0 |   0.0
      Orc:1 |    3225 |    1053 |  24.6 |      22 |       7 |  24.1
      Orc:2 |       0 |   24324 | 100.0 |       0 |     136 | 100.0
    Abyss:3 |   11972 |       0 |   0.0 |      25 |       0 |   0.0
    Ossuary |       0 |     183 | 100.0 |       0 |      39 | 100.0
      IceCv |       0 |    4947 | 100.0 |       0 |      22 | 100.0
            +---------+---------+-------+---------+---------+-------
